 Dungeon Crawl Stone Soup version 0.16.0 (webtiles) character file.

7345 Fiveotanaka the Martial Artist (level 11, -14/51 HPs)
             Began as a Vine Stalker Monk on Mar 23, 2015.
             Demolished by a spiny frog (15 damage)
             ... on level 1 of the Lair of Beasts.
             The game lasted 00:19:28 (7095 turns).

Fiveotanaka the Martial Artist (Vine Stalker Monk)  Turns: 7095, Time: 00:19:28

Health: -14/51     AC: 13    Str:  8    XL:     11   Next: 13%
Magic:  0/15       EV: 14    Int: 10    God:
Gold:   742        SH:  0    Dex: 20    Spells: 0 memorised, 10 levels left

rFire  . . .     SeeInvis .       - Unarmed
rCold  . . .     Clarity  .     m - +0 ring mail (curse)
rNeg   . . .     SustAb   .     (no shield)
rPois  +         Gourm    .     F - +0 helmet
rElec  .         Spirit   +     t - +2 cloak {+Inv}
rCorr  .         Warding  .     y - +0 pair of gloves
rMut   .         Stasis   .     x - +0 pair of boots
MR     +....                    (no amulet)
Stlth  ++........               N - -6 ring of strength (curse)
                                u - ring of poison resistance (curse)

@: somewhat resistant to hostile enchantments, unstealthy
A: fangs 3, regeneration 2, magic shield, antimagic bite, no device heal 3, rot
immunity
a: Evoke Invisibility


You were on level 1 of the Lair of Beasts.
You were not hungry.

You visited 3 branches of the dungeon, and saw 11 of its levels.
You also visited: Sewer and Ossuary.

You collected 742 gold pieces.

Inventory:

Armour
 a - a +0 robe
 m - a cursed +0 ring mail (worn)
 t - a +2 cloak of invisibility (worn)
 x - a +0 pair of boots (worn)
 y - a +0 pair of gloves (worn)
 F - a +0 helmet (worn)
Jewellery
 u - a cursed ring of poison resistance (left hand)
 D - a +3 ring of strength
 E - an uncursed ring of protection from cold
 N - a cursed -6 ring of strength (right hand)
Magical devices
 v - a wand of fire (10)
 G - a wand of enslavement (2)
Scrolls
 c - 5 scrolls of magic mapping {unknown}
 d - a scroll of amnesia {unknown}
 e - 4 scrolls of remove curse {unknown}
 f - 8 scrolls of identify {unknown}
 l - 3 scrolls of recharging {unknown}
 p - 6 scrolls of teleportation {unknown}
 q - a scroll of blinking {unknown}
 A - a scroll of immolation {unknown}
 H - 2 scrolls of summoning {unknown}
 K - 2 scrolls of enchant weapon {unknown}
 L - a scroll of noise {unknown}
 M - a scroll of fear {unknown}
 O - a scroll of holy word {unknown}
 P - 2 scrolls of enchant armour {unknown}
Potions
 h - 2 potions of magic {unknown}
 i - 3 potions of degeneration {unknown}
 j - 3 potions of curing {unknown}
 k - 2 potions of restore abilities {unknown}
 n - a potion of poison {unknown}
 o - 2 potions of haste {unknown}
 r - 3 potions of might {unknown}
 s - a potion of ambrosia {unknown}
 z - a potion of decay {unknown}
 C - a potion of beneficial mutation {unknown}
 I - a potion of mutation {unknown}
 J - a potion of agility {unknown}
Comestibles
 b - 9 bread rations
 g - 4 beef jerkies
 w - a slice of pizza
 B - 5 meat rations
 Q - 7 royal jellies
 S - 2 poisonous chunks of flesh


   Skills:
 - Level 2.6 Fighting
 + Level 5.7 Armour
 + Level 6.4 Dodging
 - Level 2.4 Stealth
 * Level 13.6 Unarmed Combat


You had 10 spell levels left.
You didn't know any spells.

Dungeon Overview and Level Annotations

Branches:
Dungeon (9/15)             Temple (1/1) D:4            Lair (1/8) D:9
    Orc: D:9-12

Altars:
Ashenzari
Cheibriados
Dithmenos
Elyvilon
Fedhas
Gozag
Kikubaaqudgha
Makhleb
Nemelex Xobeh
Okawaru
Qazlal
Ru
Sif Muna
Trog
Vehumet
Xom
Yredelemnul
Zin
The Shining One

Shops:
D:4 }


Innate Abilities, Weirdness & Mutations

You have razor-sharp teeth.
You heal very quickly.
When hurt, damage is shared between your health and your magic reserves.
Your bite disrupts and absorbs the magic of your enemies.
Potions and wands cannot restore your health.
You are immune to rotting.


Message History

* * * LOW HITPOINT WARNING * * *
You are too injured to fight recklessly!
You are too injured to fight recklessly!
You are too injured to fight recklessly!
You are too injured to fight recklessly!
You hit the spiny frog but do no damage.
The spiny frog is almost dead.
The spiny frog stings you!
* * * LOW HITPOINT WARNING * * *
You hit the spiny frog but do no damage.
Your bite misses the spiny frog.
The spiny frog is almost dead.
The spiny frog stings you.
* * * LOW HITPOINT WARNING * * *
You barely miss the spiny frog. Your bite misses the spiny frog.
The spiny frog is almost dead.
You barely miss the spiny frog. Your bite misses the spiny frog.
The spiny frog is almost dead.
The spiny frog stings you!
You die...

### ..##.####
.......[.
........ ../...
#.... #...##
#..F.# ##.@.#
###....# #...$..#
#...##..<## ##P
#†%†.# # #..†##
..............r.#
...............
...............


You could see a spiny frog.

Vanquished Creatures
  The ghost of KingBobson the Nimble, an experienced MiBe of Trog (D:9)
  A cyclops (D:6)
  A centaur zombie (D:7)
  A spiny frog (Lair:1)
  A queen bee (D:9)
  A slime creature (D:9)
  Eustachio (D:7)
  A hippogriff (D:9)
  Grum (D:8)
  The ghost of Minkie the Changer, an average DrTm (D:3)
  4 wolves
  An orc warrior (D:8)
  5 ogres
  A phantom (D:4)
  A sky beast (D:5)
  2 ice beasts
  A necrophage (D:7)
  3 centaurs
  Duvessa (D:7)
  4 giant frogs
  5 scorpions
  22 killer bees
  3 goliath beetles
  3 crimson imps
  Dowan (D:7)
  4 hounds
  8 jellies
  A quasit (D:5)
  A human zombie (Ossuary)
  A giant frog skeleton (D:4)
  An iguana (D:4)
  2 orc priests
  7 orc wizards
  6 big kobold zombies (Ossuary)
  5 worker ants
  Ijyb (D:7)
  A hound skeleton (D:6)
  2 mummies (Ossuary)
  4 gnolls (D:7)
  7 river rats
  2 giant mites
  11 adders
  A shadow imp (D:8)
  2 worms
  2 adder skeletons (D:5)
  6 giant geckos
  11 oozes (D:9)
  19 orcs
  2 ball pythons (Sewer)
  14 bats
  12 goblins
  8 hobgoblins
  12 kobolds
  2 quokkas
  5 giant cockroaches
  14 giant newts
  A gnoll zombie (Ossuary)
  3 goblin zombies
  2 hobgoblin zombies (Ossuary)
  6 jackals
  2 orc zombies (Ossuary)
  A quokka zombie (D:5)
  11 rats
267 creatures vanquished.

Vanquished Creatures (others)
  5 fungi (D:9)
5 creatures vanquished.

Grand Total: 272 creatures vanquished

Notes
Turn   | Place    | Note
--------------------------------------------------------------
     0 | D:1      | Fiveotanaka, the Vine Stalker Monk, began the quest for the Orb.
     0 | D:1      | Reached XP level 1. HP: 11/11 MP: 1/1
   121 | D:1      | Reached XP level 2. HP: 16/16 MP: 0/3
   572 | D:2      | Reached XP level 3. HP: 13/19 MP: 1/4
   679 | D:2      | Reached skill level 5 in Unarmed Combat
  1272 | D:3      | Reached XP level 4. HP: 18/23 MP: 5/5
  1357 | D:3      | Noticed Minkie's ghost (average DrTm)
  1376 | D:3      | Killed Minkie's ghost
  1376 | D:3      | Reached skill level 6 in Unarmed Combat
  1376 | D:3      | Reached XP level 5. HP: 5/27 MP: 4/7
  1635 | D:3      | Found a glowing drain.
  1640 | D:3      | Reached skill level 7 in Unarmed Combat
  1646 | D:3      | Gained mutation: You heal very quickly. [vine stalker growth]
  1646 | D:3      | Reached XP level 6. HP: 28/32 MP: 6/8
  1666 | Sewer    | Entered a sewer
  2250 | D:4      | Found a staircase to the Ecumenical Temple.
  2255 | Temple   | Entered the Ecumenical Temple
  2407 | D:4      | Reached skill level 8 in Unarmed Combat
  2471 | D:4      | Reached XP level 7. HP: 32/35 MP: 9/9
  2532 | D:4      | Found Atyv's Gadget Shop.
  2869 | D:5      | Entered Level 5 of the Dungeon
  2884 | D:5      | Reached skill level 9 in Unarmed Combat
  2893 | D:5      | Found an iron altar of Okawaru.
  2963 | D:5      | Found a sand-covered staircase.
  2981 | Ossuary  | Entered an ossuary
  3015 | Ossuary  | Gained mutation: You have razor-sharp teeth. [vine stalker growth]
  3015 | Ossuary  | Reached XP level 8. HP: 39/39 MP: 11/11
  3157 | D:5      | Reached skill level 10 in Unarmed Combat
  3295 | D:5      | Reached skill level 1 in Armour
  3848 | D:6      | Reached XP level 9. HP: 35/43 MP: 8/12
  3951 | D:6      | Reached skill level 11 in Unarmed Combat
  4013 | D:6      | Found a deep blue altar of Sif Muna.
  4157 | D:6      | Noticed a cyclops
  4163 | D:6      | Killed a cyclops
  4402 | D:7      | Noticed a centaur zombie
  4411 | D:7      | Killed a centaur zombie
  4417 | D:7      | Noticed Eustachio
  4429 | D:7      | Killed Eustachio
  4459 | D:7      | Reached skill level 12 in Unarmed Combat
  4662 | D:7      | Reached XP level 10. HP: 47/47 MP: 13/13
  4767 | D:7      | Noticed Dowan
  4769 | D:7      | Noticed Duvessa
  4781 | D:7      | Killed Duvessa
  4784 | D:7      | Killed Dowan
  5106 | D:7      | Reached skill level 5 in Dodging
  5116 | D:7      | Noticed Ijyb
  5124 | D:7      | Killed Ijyb
  5559 | D:8      | Found a bloodstained altar of Trog.
  5709 | D:8      | Noticed Grum
  5738 | D:8      | Killed Grum
  5981 | D:8      | Found an opulent altar of Gozag.
  5989 | D:8      | Found a basalt altar of Yredelemnul.
  5996 | D:8      | Found a shattered altar of Ashenzari.
  6003 | D:8      | Found an ancient bone altar of Kikubaaqudgha.
  6008 | D:8      | Found a glowing silver altar of Zin.
  6019 | D:8      | Found a stormy altar of Qazlal.
  6030 | D:8      | Found a shadowy altar of Dithmenos.
  6309 | D:9      | Reached skill level 5 in Armour
  6401 | D:9      | Reached skill level 13 in Unarmed Combat
  6549 | D:9      | Noticed KingBobson's ghost (experienced MiBe)
  6568 | D:9      | Killed KingBobson's ghost
  6568 | D:9      | Reached XP level 11. HP: 41/51 MP: 15/15
  6609 | D:9      | Found a staircase to the Lair.
  6993 | Lair:1   | Entered Level 1 of the Lair of Beasts
  7092 | Lair:1   | HP: 1/51 [spiny frog (7)]
  7095 | Lair:1   | Demolished by a spiny frog

Action                   |  1- 3 |  4- 6 |  7- 9 | 10-12 || total
-------------------------+-------+-------+-------+-------++-------
Melee: Unarmed           |    80 |   141 |   226 |   257 ||   704
 Stab: Sleeping          |     7 |     2 |     4 |       ||    13
       Distracted        |       |       |       |     3 ||     3
  Eat: Chunk             |     1 |     3 |     7 |     8 ||    19
       Pizza             |       |     1 |       |       ||     1
